%YAML 1.1
%TAG !u! tag:unity3d.com,2011:
--- !u!1001 &100100000
Prefab:
  m_ObjectHideFlags: 1
  serializedVersion: 2
  m_Modification:
    m_TransformParent: {fileID: 0}
    m_Modifications: []
    m_RemovedComponents: []
  m_ParentPrefab: {fileID: 0}
  m_RootGameObject: {fileID: 1059221389958330}
  m_IsPrefabParent: 1
--- !u!1 &1059221389958330
GameObject:
  m_ObjectHideFlags: 0
  m_PrefabParentObject: {fileID: 0}
  m_PrefabInternal: {fileID: 100100000}
  serializedVersion: 5
  m_Component:
  - component: {fileID: 4075221779103808}
  - component: {fileID: 114010209698425996}
  - component: {fileID: 114724314801610414}
  m_Layer: 0
  m_Name: bare_projectile
  m_TagString: Untagged
  m_Icon: {fileID: 0}
  m_NavMeshLayer: 0
  m_StaticEditorFlags: 0
  m_IsActive: 1
--- !u!4 &4075221779103808
Transform:
  m_ObjectHideFlags: 1
  m_PrefabParentObject: {fileID: 0}
  m_PrefabInternal: {fileID: 100100000}
  m_GameObject: {fileID: 1059221389958330}
  m_LocalRotation: {x: 0, y: 0, z: 0, w: 1}
  m_LocalPosition: {x: 0, y: 0, z: 0}
  m_LocalScale: {x: 1, y: 1, z: 1}
  m_Children: []
  m_Father: {fileID: 0}
  m_RootOrder: 0
  m_LocalEulerAnglesHint: {x: 0, y: 0, z: 0}
--- !u!114 &114010209698425996
MonoBehaviour:
  m_ObjectHideFlags: 1
  m_PrefabParentObject: {fileID: 0}
  m_PrefabInternal: {fileID: 100100000}
  m_GameObject: {fileID: 1059221389958330}
  m_Enabled: 1
  m_EditorHideFlags: 0
  m_Script: {fileID: 372142912, guid: dc443db3e92b4983b9738c1131f555cb, type: 3}
  m_Name: 
  m_EditorClassIdentifier: 
  m_SceneId:
    m_Value: 0
  m_AssetId:
    i0: 54
    i1: 5
    i2: 242
    i3: 54
    i4: 87
    i5: 232
    i6: 84
    i7: 62
    i8: 59
    i9: 159
    i10: 190
    i11: 114
    i12: 181
    i13: 103
    i14: 180
    i15: 233
  m_ServerOnly: 0
  m_LocalPlayerAuthority: 0
--- !u!114 &114724314801610414
MonoBehaviour:
  m_ObjectHideFlags: 1
  m_PrefabParentObject: {fileID: 0}
  m_PrefabInternal: {fileID: 100100000}
  m_GameObject: {fileID: 1059221389958330}
  m_Enabled: 1
  m_EditorHideFlags: 0
  m_Script: {fileID: 11500000, guid: 4c609a549d4b8624aa8f0485b89071d3, type: 3}
  m_Name: 
  m_EditorClassIdentifier: 
  Velocity: 1
  dressing: 
  StopWhenTargetLost: 1
  targetLocation: {x: 0, y: 0, z: 0}
  targetPosition: {x: 0, y: 0}
  targetRadius: 0
  Radius: 5
  localTargetID: 0
  lostTarget: 0
  target: {fileID: 0}
  DeadEndPrefab: {fileID: 1712057462695454, guid: 74fac9524979f734abe3f1a2da65c9a1,
    type: 2}
  Radius: 5
